 Dungeon Crawl Stone Soup version 0.31-a0-986-g5e6e4ef867 (webtiles) character file.

Game seed: 11842397785660891905

240 Persephone the Cleaver (level 5, -6/45 HPs)
             Began as a Minotaur Monk on Nov 12, 2023.
             Mangled by an iguana (13 damage)
             ... on level 4 of the Dungeon.
             The game lasted 00:03:09 (2388 turns).

Persephone the Cleaver (Minotaur Monk)              Turns: 2388, Time: 00:03:09

Health: -6/45      AC:  5    Str: 17    XL:     5   Next: 80%
Magic:  4/4        EV: 10    Int:  7    God:
Gold:   124        SH:  9    Dex: 13    Spells: 4/4 levels left

rFire   + . .        o - +0 war axe
rCold   + . .        i - +2 kite shield
rNeg    . . .        m - +2 leather armour {rPois}
rPois   +            (helmet restricted)
rElec   +            (no cloak)
rCorr   +            (no gloves)
SInv    .            (no boots)
Will    .....        (no amulet)
Stlth   +            (no ring)
HPRegen 0.27/turn    (no ring)
MPRegen 0.09/turn

%: no passive effects
@: resistant
A: horns 2, retaliatory headbutt
a: no special abilities


You were on level 4 of the Dungeon.
You visited 1 branch of the dungeon, and saw 4 of its levels.

You collected 124 gold pieces.

Inventory:

Hand Weapons
 o - a +0 war axe (weapon)
Missiles
 p - a throwing net
Armour
 i - a +2 kite shield (worn)
 m - a +2 leather armour of poison resistance (worn)
Potions
 c - a potion of ambrosia
 f - 3 potions of curing
 h - 2 potions of magic {unknown}
 j - a potion of degeneration {unknown}
 l - a potion of heal wounds {unknown}


   Skills:
 - Level 3.6 Fighting
 + Level 8.0 Axes
 - Level 3.2 Dodging


You had 4 spell levels left.
You didn't know any spells.
Your spell library contained the following spells:

 Spells                   Type           Power      Damage    Failure   Level
 Sublimation of Blood     Necr           0%         N/A       95%         2
 Wereblood                Tmut           0%         N/A       95%         2
 Summon Hydra             Summ           0%         N/A       100%        7


Dungeon Overview and Level Annotations

Branches:
Dungeon (4/15)
 Temple: D:4-7

Altars:

Annotations:
D:4 Menkaure


Innate Abilities, Weirdness & Mutations

You have a pair of horns on your head.
You reflexively headbutt those who attack you in melee.


Message History

The black bear bites you! You block the black bear's attack.
The black bear claws you but does no damage.
Menkaure, Prince of Dust comes into view.
The black bear bites you. You block the black bear's attack.
The black bear claws you but does no damage.
You hit the black bear.
The black bear is heavily wounded.
The black bear misses you. The black bear barely misses you.
You block the black bear's attack.
Menkaure calls on the powers of darkness!
The black bear convulses!
Your body is wracked with pain!
* * * LOW HITPOINT WARNING * * *
You closely miss the black bear.
You headbutt the black bear, but do no damage.
The black bear is severely wounded.
You feel your willpower return.
An iguana comes into view.
You block the black bear's attack. The black bear barely misses you. x2
You feel better. You block the black bear's attack. x2
The black bear closely misses you.
Menkaure calls on the powers of darkness!
The black bear convulses!
Your body is wracked with pain!
* * * LOW HITPOINT WARNING * * *
You feel protected. The black bear bites you.
* * * LOW HITPOINT WARNING * * *
The black bear claws you but does no damage.
You block the black bear's attack.
You slash the black bear!
You kill the black bear!
Menkaure gestures wildly while chanting.
Menkaure seems to speed up.
Your Axes skill increases to level 8!
Menkaure completely misses you. You block the iguana's attack.
Menkaure hits you.
* * * LOW HITPOINT WARNING * * *
You slash Menkaure!
Menkaure is moderately damaged.
You hit the iguana but do no damage. The iguana bites you!
You die...

#.#.##
##.....
...#.#.
..... ....
#..
#.l#######.#
#.M@.......#
#...#####..#
#...# ....
###.. ...#
... ... ####
.. .


You could see Menkaure (fast) and an iguana.

Vanquished Creatures
  A black bear (D:4)
  An orc priest (D:2)
  3 gnolls (D:3)
  5 adders
  2 dart slugs
  2 orcs (D:2)
  3 endoplasms
  4 giant cockroaches
  2 goblins (D:1)
  2 hobgoblins
  12 jackals
  7 quokkas
  A ball python (D:2)
  9 bats
  3 frilled lizards
  9 kobolds
  2 rats
68 creatures vanquished.

Notes
Turn   | Place    | Note
-------+----------+-------------------------------------------
     0 | D:1      | Persephone the Minotaur Monk began the quest for the Orb.
     0 | D:1      | Reached XP level 1. HP: 19/19 MP: 0/0
   114 | D:1      | Reached skill level 4 in Axes
   177 | D:1      | Reached XP level 2. HP: 21/26 MP: 1/1
   900 | D:2      | Reached skill level 5 in Axes
   900 | D:2      | Reached XP level 3. HP: 31/31 MP: 2/2
   946 | D:2      | Identified the +0 sling "Cyqogiru" {freeze, rElec rPois
                  | Dex-4}
  1079 | D:2      | Reached skill level 6 in Axes
  1079 | D:2      | Reached XP level 4. HP: 29/39 MP: 3/3
  1755 | D:3      | Reached skill level 7 in Axes
  1755 | D:3      | Reached XP level 5. HP: 45/45 MP: 4/4
  2369 | D:4      | Noticed a black bear
  2381 | D:4      | Noticed Menkaure
  2386 | D:4      | Killed a black bear
  2387 | D:4      | Reached skill level 8 in Axes
  2388 | D:4      | Mangled by an iguana

Illustrated notes

Levels and vault maps discovered:
D:1:      dpeg_arrival_three_same_balls, layout_basic
D:2:      layout_basic
D:3:      wad_woods_settlement, layout_basic
D:4:      layout_basic, grunt_ministairs_11, minmay_misc_feat_doors,
          minivault_25, uniq_sigmund, uniq_menkaure

Skill      XL: |  1  2  3  4  5 |
---------------+----------------+-----
Axes           | 4 5 6 7 8 |  8.0
Fighting       | |  3.6
Dodging        | |  3.2

Action                     |  1- 3 |  4- 6 || total
---------------------------+-------+-------++-------
  Melee: Hand axe          |    60 |    39 ||    99
         Headbutt          |     7 |     6 ||    13
         War axe           |       |    45 ||    45
    Use: Scroll            |       |     7 ||     7
         Potion            |       |     2 ||     2
 Armour: Robe              |    12 |       ||    12
         Leather armour    |    20 |    70 ||    90
  Dodge: Dodged            |    48 |    38 ||    86
  Block: Kite shield       |    23 |    49 ||    72

Table legend: (Time is in decaauts)
 A = Elapsed time spent in this place.
 B = Non-inter-level travel time spent in this place.
 C = Inter-level travel time spent in this place.
 D = Time resting spent in this place.
 E = Time spent auto-exploring this place.
 F = Levels seen in this place.
 G = Mean time per level.
                   A        B        C        D        E       F      G
               +--------+--------+--------+--------+--------+-----+--------+
         Total |   2418 |   2310 |    108 |      0 |   1830 |   4 |  604.5 |
       Dungeon |   2418 |   2310 |    108 |      0 |   1830 |   4 |  604.5 |
               +--------+--------+--------+--------+--------+-----+--------+

Top non-repeatable levels by time:
     D:1: 852 daAuts
     D:3: 844 daAuts
     D:2: 665 daAuts
     D:4: 56 daAuts
